cohdb
Replays
Latest Replays
All Replays
Popular Replays
Top Player Replays
Match Explorer
How It Works
Community
CoH3 Stats
Reddit
Sign in to upload your games and track your stats! →
Sign in with Steam
Match 19970251
Unlisted
Match 19970251
Overview
Messages
Build Orders
End
Royal Engineer Section
Construct Section Command Post
Dingo Light Scout Car
Infantry Section
Selects Indian Artillery Battlegroup
Selects Towed ML 4.2-inch Heavy Mortar
Towed ML 4.2-inch Heavy Mortar
Construct Field Infirmary
Selects Valour
Infantry Section
Construct Platoon Command Post
Selects Gurkha Rifles Section
6-pounder Anti-tank Gun Team
Gurkha Rifles Section
Construct Company Command Post
Unlock M3 Grant Medium Tanks
Selects Volunteer Infantry
M3 Grant Medium Tank
Selects Off-map Airburst Barrage
Foot Guards Section
M3 Grant Medium Tank
Selects Perimeter Monitor
Off-map Airburst Barrage
Foot Guards Section
M3 Grant Medium Tank
Off-map Airburst Barrage
Armored Vehicle Training
Off-map Airburst Barrage
Infantry Training
M3 Grant Medium Tank
Royal Engineer Section
Royal Engineer Section
Perimeter Monitor
M3 Grant Medium Tank
Off-map Airburst Barrage
MonoChrome
Kajota
给我一颗星
桂妮薇尔
0
0
Comments
sign in to comment!
No comments posted yet!